 Dungeon Crawl Stone Soup version 0.15.1-3-g1b33baa (webtiles) character file.

10669 Hodglim the Thaumaturge (level 11, -2/61 HPs)
             Began as a High Elf Conjurer on Oct 7, 2014.
             Was a Priest of Vehumet.
             Slain by a yak (14 damage)
             ... on Level 12 of the Dungeon.
             The game lasted 01:46:18 (14636 turns).

Hodglim the Thaumaturge (High Elf Conjurer)        Turns: 14636, Time: 01:46:19

HP  -2/61        AC 19     Str  7      XL: 11   Next: 39%
MP   2/33        EV  9     Int 24      God: Vehumet [***...]
Gold 323         SH  0     Dex 15      Spells:  5 memorised, 23 levels left

rFire  . . .     SeeInvis .     e - +3 short sword (protect)
rCold  + . .     Clarity  .     W - +1 ring mail {rPois}
rNeg   . . .     rCorr    .     (no shield)
rPois  +         rRot     .     V - +2 hat
rElec  .         Spirit   .     u - +2 cloak {+Inv}
SustAb .         Warding  .     i - +0 pair of gloves
rMut   .         Stasis   .     M - +0 pair of boots
Gourm  +                        g - cursed amulet of the gourmand
MR     +....                    N - ring of protection from cold
                                r - ring of wizardry

@: somewhat resistant to hostile enchantments, very unstealthy
A: no striking features
a: Renounce Religion, Evoke Invisibility


You were on level 12 of the Dungeon.
You worshipped Vehumet.
Vehumet was most pleased with you.
You were very full.

You visited 2 branches of the dungeon, and saw 13 of its levels.

You collected 687 gold pieces.
You spent 364 gold pieces at shops.

Inventory:

Hand weapons
 e - a +3 short sword of protection (weapon)
 v - a +3 short sword
 B - a +0 dagger of chaos
 K - a +4 falchion of slicing
 P - a +3 scimitar
 Y - a +4 scimitar of flaming
Armour
 i - a +0 pair of gloves (worn)
 u - a +2 cloak of darkness (worn)
 F - a +2 robe of cold resistance
 M - a +0 pair of boots (worn)
 S - a +0 robe of fire resistance
 V - a +2 hat (worn)
 W - a +1 ring mail of poison resistance (worn)
 Z - the +2 shield of Inference {+Rage +Fly rPois rF+, unknown}
   (You found it on level 10 of the Dungeon)

   It protects you from fire.
   It protects you from poison.
   It lets you fly.
   It lets you go berserk.
Magical devices
 h - a wand of magic darts (16)
 s - a wand of enslavement (8)
 G - a wand of flame (14)
 L - a wand of slowing (17)
 T - a wand of digging (12)
Comestibles
 a - 9 fruits
 b - 11 bread rations
 k - 9 meat rations
 m - 10 beef jerkies
 o - 3 slices of pizza
 q - a royal jelly
Scrolls
 d - 8 scrolls of remove curse
 n - 4 scrolls of enchant armour
 t - 5 scrolls of teleportation
 w - 8 scrolls of identify
 y - a scroll of blinking
 C - 2 scrolls of magic mapping
 I - 2 scrolls of amnesia
 U - a scroll of enchant weapon
Jewellery
 g - a cursed amulet of the gourmand (around neck)
 j - an uncursed ring of ice
 r - a ring of wizardry (left hand)
 J - an uncursed ring of ice
 N - a ring of protection from cold (right hand)
 O - a cursed ring of teleportation {unknown}
Potions
 f - 4 potions of restore abilities
 l - 2 potions of lignification
 p - a potion of agility {unknown}
 x - a potion of flight {unknown}
 z - a potion of poison
 A - a potion of resistance
 D - 3 potions of curing {unknown}
 E - 2 potions of confusion {unknown}
 H - 3 potions of might {unknown}
 Q - a potion of brilliance {unknown}
 R - a potion of beneficial mutation {unknown}
Books
 c - a book of Conjurations

   Spells                             Type                      Level
   *Magic Dart                        Conjuration                  1
   *Searing Ray                       Conjuration                  2
   Dazzling Spray                     Conjuration/Hexes            3
   Fulminant Prism                    Conjuration/Hexes            4
   Iskenderun's Mystic Blast          Conjuration                  4
   *Iskenderun's Battlesphere         Conjuration/Charms           5


   Skills:
 - Level 5.0 Short Blades
 + Level 3.3 Armour
 - Level 6.4 Dodging
 - Level 2.1 Stealth
 + Level 12.6 Spellcasting
 - Level 10.1 Conjurations
 + Level 9.2 Charms


You had 23 spell levels left.
You knew the following spells:

 Your Spells              Type           Power        Failure   Level  Hunger
a - Magic Dart            Conj           ####         1%          1    None
b - Searing Ray           Conj           ######       1%          2    None
c - Iskenderun's Battles  Conj/Chrm      ######..     1%          5    ##.....
d - Shock                 Conj/Air       ####         1%          1    None
e - Stone Arrow           Conj/Erth      #####.       1%          3    None


Dungeon Overview and Level Annotations

Branches:
Dungeon (12/15)            Temple (1/1) D:6             Orc (0/4) D:10
   Lair: D:8-11

Altars:
Ashenzari
Cheibriados
Dithmenos
Elyvilon
Fedhas
Kikubaaqudgha
Makhleb
Nemelex Xobeh
Okawaru
Qazlal
Sif Muna
Trog
Vehumet
Xom
Yredelemnul
Zin
The Shining One

Shops:
D:9 ?

Annotations:
D:10 mutis' ghost, powerful MiBe


Message History

The yak barely misses you.
The searing ray hits the yak.
The yak is heavily wounded.
The yak barely misses you.
Without enough magic to sustain it, your searing ray dissipates.
The yak gores you.
* * * LOW HITPOINT WARNING * * *
There is a stone staircase leading up here.
Press: ? - help, v - describe, . - travel
Here: a yak (heavily wounded)
A stone staircase leading up.
Casting: Searing Ray
Confirm with . or Enter, or press ? or * to list all spells.
Aiming: Searing Ray
Press: ? - help, Shift-Dir - straight line, f/p - yak
Aim: a yak (heavily wounded)
The searing ray hits the yak.
The yak is severely wounded.
The yak gores you!
You die...

#.....#
#.....#
#.....####
#..5.Y...#
#.######5#
#.# #.#
#5# #.#
#.######5#
#...@YY..#
#.......##
#.......#
#.......#
#.)..##.#
#.......#
#.......#
#.#####.#
#. #.#


You could see 2 yaks and a shadow imp.

Vanquished Creatures
  Fannar (D:10)
  Erica (D:10)
  The ghost of SaintRoka the Grappler, an experienced OgTm of Cheibriados (D:9)
  2 hill giants (D:10)
  Pikel (D:5)
  Psyche (D:10)
  A wraith (D:10)
  A hippogriff (D:10)
  A hungry ghost (D:7)
  Menkaure (D:6)
  A soldier ant (D:9)
  A water moccasin (D:8)
  A yellow wasp (D:10)
  4 sky beasts
  8 ice beasts
  A phantom (D:4)
  A necrophage (D:9)
  11 ogres
  5 orc warriors
  2 centaurs (D:8)
  Sigmund (D:2)
  Duvessa (D:6)
  5 giant frogs
  2 big kobolds
  5 scorpions
  9 wights
  A troll skeleton (D:9)
  21 killer bees
  Dowan (D:6)
  4 crimson imps
  A centaur zombie (D:10)
  5 goliath beetles
  A jelly (D:11)
  2 hounds
  3 iguanas
  Crazy Yiuf (D:2)
  2 centaur skeletons
  A quasit (D:12)
  A two-headed ogre zombie (D:6)
  5 orc priests
  8 orc wizards
  5 worker ants
  A big kobold zombie (D:9)
  Terence (D:2)
  11 adders
  3 gnolls (D:4)
  A shadow imp (D:7)
  3 worms
  A giant mite (D:6)
  12 white imps (D:11)
  4 giant geckos
  2 oozes
  24 orcs
  4 ball pythons
  20 bats
  6 giant cockroaches
  12 hobgoblins
  16 jackals
  19 kobolds
  8 quokkas
  A giant gecko skeleton (D:4)
  A giant gecko zombie (D:9)
  2 giant newts
  10 goblins
  2 goblin skeletons (D:4)
  A quokka skeleton (D:4)
  13 rats
  A rat skeleton (D:4)
  A rat zombie (D:5)
  A ballistomycete (D:5)
312 creatures vanquished.

Vanquished Creatures (others)
  A giant mite (D:11)
  A bat (D:5)
2 creatures vanquished.

Grand Total: 314 creatures vanquished

Notes
Turn   | Place    | Note
--------------------------------------------------------------
     0 | D:1      | Hodglim, the High Elf Conjurer, began the quest for the Orb.
     0 | D:1      | Reached XP level 1. HP: 11/11 MP: 4/4
   189 | D:1      | Reached XP level 2. HP: 17/17 MP: 0/6
   589 | D:1      | Reached skill level 5 in Conjurations
  1012 | D:2      | Reached XP level 3. HP: 19/21 MP: 2/10
  1101 | D:2      | Noticed Terence
  1116 | D:1      | Learned a level 2 spell: Searing Ray
  1352 | D:2      | Noticed Sigmund
  2051 | D:2      | Killed Terence
  2051 | D:2      | Reached XP level 4. HP: 19/27 MP: 1/13
  2227 | D:2      | Noticed an ogre
  2233 | D:2      | Killed an ogre
  2233 | D:2      | Reached XP level 5. HP: 31/31 MP: 10/16
  2291 | D:2      | Noticed Crazy Yiuf
  2301 | D:2      | Killed Crazy Yiuf
  2301 | D:2      | Reached skill level 6 in Conjurations
  2544 | D:3      | Reached skill level 5 in Spellcasting
  2544 | D:3      | Reached XP level 6. HP: 10/36 MP: 3/20
  3169 | D:4      | Found a white marble altar of Elyvilon.
  3406 | D:4      | Reached skill level 7 in Conjurations
  3774 | D:4      | Reached XP level 7. HP: 38/41 MP: 5/23
  3884 | D:4      | Found a blossoming altar of Fedhas.
  3886 | D:4      | Found a snail-covered altar of Cheibriados.
  4290 | D:4      | Reached skill level 8 in Conjurations
  4618 | D:5      | Entered Level 5 of the Dungeon
  5063 | D:5      | Noticed Pikel
  5071 | D:5      | HP: 1/41 [Pikel/whip of electrocution (20)]
  5507 | D:5      | Killed Pikel
  5507 | D:5      | Reached skill level 9 in Conjurations
  5507 | D:5      | Reached XP level 8. HP: 32/46 MP: 16/26
  5602 | D:4      | Found a stormy altar of Qazlal.
  5602 | D:4      | Found an iron altar of Okawaru.
  5604 | D:4      | Found a bloodstained altar of Trog.
  6352 | D:6      | Noticed Duvessa
  6363 | D:6      | Killed Duvessa
  6364 | D:6      | Noticed Dowan
  6365 | D:6      | Noticed Menkaure
  6398 | D:6      | Killed Dowan
  6463 | D:6      | Killed Menkaure
  6463 | D:6      | Reached skill level 10 in Conjurations
  6716 | D:6      | Reached XP level 9. HP: 51/51 MP: 23/29
  7441 | D:6      | Found a staircase to the Ecumenical Temple.
  7447 | Temple   | Entered the Ecumenical Temple
  7502 | Temple   | Became a worshipper of Vehumet
  7672 | Temple   | Learned a level 5 spell: Iskenderun's Battlesphere
  8045 | D:7      | Reached skill level 1 in Charms
  8184 | D:7      | Reached skill level 10 in Spellcasting
  8891 | D:7      | Reached skill level 5 in Dodging
  9380 | D:2      | Acquired Vehumet's first power
  9380 | D:2      | Offered knowledge of Shock by Vehumet.
  9384 | D:2      | Killed Sigmund
  9835 | D:8      | Found a shadowy altar of Dithmenos.
  9835 | D:8      | Found a shimmering altar of Xom.
 10123 | D:8      | Learned a level 1 spell: Shock
 10158 | D:8      | Reached skill level 5 in Charms
 10220 | D:8      | Reached XP level 10. HP: 56/56 MP: 26/31
 10477 | D:8      | Found an iron altar of Okawaru.
 10837 | D:9      | Reached skill level 11 in Spellcasting
 10878 | D:9      | Found Miur's Magic Scroll Boutique.
 10938 | D:9      | Bought a scroll of identify for 28 gold pieces
 10938 | D:9      | Bought a scroll of remove curse for 42 gold pieces
 10938 | D:9      | Bought a scroll of identify for 28 gold pieces
 10938 | D:9      | Bought a scroll of identify for 28 gold pieces
 10938 | D:9      | Bought a scroll of remove curse for 42 gold pieces
 10938 | D:9      | Bought a scroll of blinking for 105 gold pieces
 10938 | D:9      | Bought a scroll of remove curse for 42 gold pieces
 10939 | D:9      | Bought a scroll of amnesia for 49 gold pieces
 11034 | D:9      | Noticed a hill giant
 11037 | D:9      | Noticed a hill giant
 11037 | D:9      | Noticed a cyclops
 11048 | D:9      | Offered knowledge of Sandblast by Vehumet.
 11124 | D:9      | Reached skill level 1 in Short Blades
 11395 | D:9      | Found a burning altar of Makhleb.
 11682 | D:9      | Noticed SaintRoka's ghost (experienced OgTm)
 11695 | D:9      | Killed SaintRoka's ghost
 11859 | D:10     | Entered Level 10 of the Dungeon
 12214 | D:10     | Noticed Psyche
 12219 | D:10     | Found a staircase to the Orcish Mines.
 12230 | D:10     | Killed Psyche
 12458 | D:10     | Noticed a hill giant
 12467 | D:10     | Killed a hill giant
 12467 | D:10     | Reached skill level 5 in Short Blades
 12562 | D:10     | Noticed a hill giant
 12565 | D:10     | Noticed Fannar
 12580 | D:10     | Killed a hill giant
 12580 | D:10     | Reached skill level 1 in Armour
 12620 | D:10     | Got a warped shield
 12627 | D:10     | Reached skill level 12 in Spellcasting
 12756 | D:10     | Reached XP level 11. HP: 32/61 MP: 6/33
 12959 | D:10     | Killed Fannar
 13231 | D:10     | Offered knowledge of Stone Arrow by Vehumet.
 13247 | D:10     | Acquired Vehumet's second power
 13459 | D:10     | Noticed Erica
 13480 | D:10     | Killed Erica
 13763 | D:10     | Learned a level 3 spell: Stone Arrow
 13768 | D:10     | Noticed mutis' ghost (powerful MiBe)
 14512 | D:11     | Offered knowledge of Conjure Flame by Vehumet.
 14595 | D:11     | Noticed a cyclops
 14636 | D:12     | Slain by a yak

Action                   |  1- 3 |  4- 6 |  7- 9 | 10-12 || total
-------------------------+-------+-------+-------+-------++-------
Melee: Club              |     5 |       |       |       ||     5
       Short sword       |       |     3 |    19 |    11 ||    33
 Cast: Magic Dart        |    84 |    81 |   302 |   236 ||   703
       Searing Ray       |     4 |    18 |    39 |    44 ||   105
       Iskenderun's Batt |       |       |     7 |    20 ||    27
       Shock             |       |       |     1 |       ||     1
       Stone Arrow       |       |       |       |     1 ||     1
Evoke: Wand              |       |       |       |     6 ||     6
  Use: Scroll            |     6 |       |    12 |     5 ||    23
       Potion            |       |       |       |     6 ||     6
  Eat: Chunk             |     3 |    16 |    21 |    14 ||    54
